 Dungeon Crawl Stone Soup version 0.30-a0-782-ge64f9170bb (webtiles) character file.

Game seed: 9981603913086384667

1314 Crownlay the Ruffian (level 8, -5/79 HPs)
             Began as a Troll Fighter on Mar 5, 2023.
             Was an Initiate of Wu Jian.
             Killed from afar by an electric eel (13 damage)
             ... with a bolt of electricity
             ... on level 6 of the Dungeon.
             The game lasted 00:13:48 (5231 turns).

Crownlay the Ruffian (Troll Fighter)                Turns: 5231, Time: 00:13:48

Health: -5/79      AC:  4    Str: 25    XL:     8   Next: 32%
Magic:  7/7        EV:  8    Int:  6    God:    Wu Jian [......]
Gold:   326        SH:  8    Dex:  9    Spells: 7/7 levels left

rFire   . . .      SeeInvis .      - Unarmed
rCold   . . .      Faith    .    b - +0 kite shield
rNeg    . . .      Spirit   .    a - +0 robe
rPois   .          Reflect  .    (helmet restricted)
rElec   .          Harm     .    (no cloak)
rCorr   .          Rampage  .    (gloves unavailable)
Will    .....                    (boots unavailable)
Stlth   +                        (no amulet)
HPRegen 1.13/turn                (no ring)
MPRegen 0.10/turn                (no ring)

@: no status effects
A: large, unfitting armour, claws 3, regeneration 1, shaggy fur 1, tough skin 1
a: Renounce Religion


You were on level 6 of the Dungeon.
You worshipped Wu Jian.
Wu Jian was noncommittal.
You visited 2 branches of the dungeon, and saw 7 of its levels.
You also visited: Sewer.

You collected 326 gold pieces.

Inventory:

Armour
 a - a +0 robe (worn)
 b - a +0 kite shield (worn)
Wands
 m - a wand of paralysis (21)
 y - a wand of polymorph (10)
Scrolls
 d - 4 scrolls of identify {unknown}
 e - a scroll of fog {unknown}
 f - 2 scrolls of fear {unknown}
 i - a scroll of noise {unknown}
 l - a scroll of poison {unknown}
 p - 2 scrolls of magic mapping {unknown}
 q - a scroll of enchant armour {unknown}
 t - 3 scrolls of teleportation {unknown}
 u - a scroll of vulnerability {unknown}
 w - a scroll of blinking {unknown}
Potions
 c - 2 potions of might
 g - 2 potions of lignification {unknown}
 h - a potion of invisibility {unknown}
 j - a potion of degeneration {unknown}
 k - 2 potions of attraction {unknown}
 n - a potion of resistance {unknown}
 o - 3 potions of heal wounds {unknown}
 r - 2 potions of berserk rage {unknown}
 s - 3 potions of haste {unknown}
 v - a potion of mutation {unknown}
 x - 3 potions of curing


   Skills:
 + Level 4.8 Fighting
 - Level 2.4 Dodging
 + Level 5.3 Shields
 * Level 7.5 Unarmed Combat


You had 7 spell levels left.
You didn't know any spells.
Your spell library contained the following spells:

 Spells                   Type           Power      Damage    Failure   Level
 Slow                     Hex            0%         N/A       73%         1
 Confusing Touch          Hex            0%         N/A       97%         3
 Kindle Blastsparks       Fire/Tloc/Air  0%         2d10      97%         3
 Ozocubu's Armour         Ice            0%         N/A       97%         3
 Vampiric Draining        Necr           0%         2d6       97%         3
 Fulminant Prism          Conj/Hex       0%         3d5       100%        4
 Iskenderun's Mystic Bla  Conj/Tloc      0%         2d3       100%        4
 Lee's Rapid Deconstruct  Erth           0%         3d4*      100%        5
 Ozocubu's Refrigeration  Ice            0%         4d7       100%        7


Dungeon Overview and Level Annotations

Branches:
Dungeon (6/15)             Temple (1/1) D:5           Sewer (visited)

Altars:
Ashenzari
Dithmenos
Elyvilon
Fedhas
Kikubaaqudgha
Qazlal
Ru
Sif Muna
Wu Jian
Yredelemnul


Innate Abilities, Weirdness & Mutations

You are too large for most types of armour.
You have claws for hands.
Your natural rate of healing is unusually fast.
You are covered in fur. (AC +1)
You have tough skin. (AC +1)


Message History

You add the spells Slow, Vampiric Draining and Confusing Touch to your library.
Okay, then.
Okay, then.
Things that are here:
a +0 mace; a +0 rapier; an orc corpse
Found a stone staircase leading down.
Okay, then.
Found a stone staircase leading down.
There is a stone staircase leading down here.
You now have 321 gold pieces (gained 13).
You now have 326 gold pieces (gained 5).
An electric eel comes into view.
The electric eel shoots out a bolt of lightning at you!
The bolt of electricity hits you! The bolt of electricity hits you.
You enter the shallow water.
You scratch the electric eel but do no damage.
The electric eel shoots out a bolt of lightning at you!
The bolt of electricity hits you! x2
The bolt of electricity hits the electric eel.
The electric eel completely resists.
You closely miss the electric eel.
The electric eel shoots out a bolt of lightning at you!
The bolt of electricity hits you! x2
The bolt of electricity hits the electric eel.
The electric eel completely resists.
You barely miss the electric eel.
The electric eel shoots out a bolt of lightning at you!
The bolt of electricity hits you!
* * * LOW HITPOINT WARNING * * *
The bolt of electricity hits you!
* * * LOW HITPOINT WARNING * * *
The bolt of electricity hits the electric eel.
The electric eel completely resists.
Okay, then.
You miss the electric eel. You closely miss the electric eel.
You closely miss the electric eel.
The electric eel shoots out a bolt of lightning at you!
The bolt of electricity misses you. The bolt of electricity hits you!
You die...

#..# #..# #..#
#..# #..# #..#
###########..#
#............#
#.≈≈~~@####.##
#.~###S# #.# #
# ≈≈# #.# #
#≈≈# #.# #
#≈≈# #.# #
#≈≈# #.# #
≈≈≈# #.# #
##≈# #># # #~~
###.# #


You could see an electric eel.

Vanquished Creatures
  The ghost of hackum the Chopper, an amateur GrFi (D:4)
  A black bear (D:6)
  2 kobold brigands
  A necrophage (D:6)
  2 scorpions (D:5)
  A howler monkey (D:6)
  3 jellies
  An orc priest (D:4)
  4 hounds
  Natasha (thrice) (D:4)
  3 iguanas
  An orc wizard (D:5)
  3 gnolls (D:5)
  12 adders
  3 river rats (Sewer)
  3 worms
  2 dart slugs
  10 orcs
  4 bats
  3 endoplasms
  3 giant cockroaches
  9 goblins
  4 hobgoblins
  12 jackals
  13 kobolds
  9 quokkas
  10 ball pythons
  6 frilled lizards
  11 rats
140 creatures vanquished.

Vanquished Creatures (others)
  14 plants (Sewer)
14 creatures vanquished.

Grand Total: 154 creatures vanquished

Notes
Turn   | Place    | Note
-------+----------+-------------------------------------------
     0 | D:1      | Crownlay the Troll Fighter began the quest for the Orb.
     0 | D:1      | Reached XP level 1. HP: 22/22 MP: 0/0
   352 | D:1      | Reached XP level 2. HP: 29/29 MP: 1/1
   791 | D:2      | Reached XP level 3. HP: 36/36 MP: 2/2
   819 | D:2      | Reached skill level 3 in Unarmed Combat
  1406 | D:3      | Reached XP level 4. HP: 44/44 MP: 3/3
  1754 | D:3      | Found a sacrificial altar of Ru.
  2098 | D:4      | Reached skill level 4 in Unarmed Combat
  2098 | D:4      | Reached XP level 5. HP: 39/53 MP: 4/4
  2230 | D:4      | Found a runed translucent door.
  2235 | D:4      | Noticed hackum's ghost (amateur GrFi)
  2426 | D:4      | Found a runed translucent door.
  2443 | D:4      | Noticed Natasha
  2450 | D:4      | Killed Natasha
  2751 | D:4      | Noticed Natasha
  2767 | D:4      | Killed Natasha
  2772 | D:4      | Noticed Natasha
  2829 | D:4      | Killed Natasha
  2830 | D:4      | Reached XP level 6. HP: 40/61 MP: 5/5
  2890 | D:4      | Killed hackum's ghost
  2891 | D:4      | Reached skill level 5 in Unarmed Combat
  2976 | D:5      | Entered Level 5 of the Dungeon
  3055 | D:5      | Found a glowing drain.
  3067 | D:5      | Reached XP level 7. HP: 68/68 MP: 6/6
  3169 | Sewer    | Entered a sewer
  3375 | Sewer    | Reached skill level 6 in Unarmed Combat
  3917 | D:5      | Found a staircase to the Ecumenical Temple.
  3931 | Temple   | Entered the Ecumenical Temple
  4073 | Temple   | Became a worshipper of the Wu Jian Council
  4864 | D:6      | Reached skill level 5 in Shields
  4864 | D:6      | Reached XP level 8. HP: 74/79 MP: 7/7
  4865 | D:6      | Reached skill level 7 in Unarmed Combat
  5231 | D:6      | Killed from afar by an electric eel

Illustrated notes

Levels and vault maps discovered:
D:1:      noname_arrival_rooms_in_the_neighbourhood, layout_loops_ring,
          minivault_24, minmay_cut_off
D:2:      layout_basic, chequers_serial_rivers_micro_e
D:3:      layout_loops_ring, lemuel_tele_altar
D:4:      layout_rooms, ebering_ghost_sewer_f, uniq_natasha
D:5:      layout_basic, temple_green, portal_sewer_entry_f
D:6:      layout_loops_ring, kennysheep_diamond,
          hangedman_abyss_or_decor_lesser_grid, minmay_crystal_water
Temple:   bh_familiar_temple

Skill      XL: |  1  2  3  4  5  6  7  8 |
---------------+-------------------------+-----
Shields        | 3 4 5 |  5.3
Unarmed Combat | 3 4 5 6 7 |  7.5
Fighting       | 3 4 |  4.8
Dodging        | |  2.4

Action                     |  1- 3 |  4- 6 |  7- 9 || total
---------------------------+-------+-------+-------++-------
  Melee: Unarmed           |   102 |   143 |   208 ||   453
Ability: Lunge             |       |       |     5 ||     5
    Use: Potion            |       |     2 |       ||     2
         Scroll            |       |       |     1 ||     1
   Stab: Sleeping          |     1 |       |       ||     1
 Armour: Robe              |    43 |    36 |    29 ||   108
  Dodge: Dodged            |    40 |    45 |    44 ||   129
  Block: Kite shield       |    48 |    51 |    54 ||   153

Table legend: (Time is in decaauts)
 A = Elapsed time spent in this place.
 B = Non-inter-level travel time spent in this place.
 C = Inter-level travel time spent in this place.
 D = Time resting spent in this place.
 E = Time spent auto-exploring this place.
 F = Levels seen in this place.
 G = Mean time per level.
                   A        B        C        D        E       F      G
               +--------+--------+--------+--------+--------+-----+--------+
         Total |   5251 |   4860 |    391 |      0 |   3801 |   8 |  656.4 |
       Dungeon |   4411 |   4045 |    366 |      0 |   3256 |   6 |  735.2 |
        Temple |    168 |    143 |     25 |      0 |    136 |   1 |  168.0 |
         Sewer |    671 |    671 |      0 |      0 |    409 |   1 |  671.0 |
               +--------+--------+--------+--------+--------+-----+--------+

Top non-repeatable levels by time:
     D:5: 1033 daAuts
     D:4: 891 daAuts
     D:2: 717 daAuts
     D:3: 702 daAuts
     D:1: 684 daAuts
   Sewer: 671 daAuts
     D:6: 382 daAuts
  Temple: 168 daAuts
